 Dungeon Crawl Stone Soup version 0.21-a0-221-gfe971b9 (webtiles) character file.

447690 tidbits the Crack Shot (level 22, 200/200 HPs)
             Began as a Centaur Fighter on June 29, 2017.
             Was a Follower of Makhleb.
             Quit the game on level 1 of the Vaults on Aug 24, 2017.
             The game lasted 07:27:46 (31275 turns).

tidbits the Crack Shot (Centaur Fighter)           Turns: 31275, Time: 07:27:46

Health: 200/200    AC: 38    Str: 33    XL:     22   Next: 48%
Magic:  34/34      EV: 18    Int: 15    God:    Makhleb [*.....]
Gold:   1984       SH:  0    Dex: 13    Spells: 4/33 levels left

rFire    + + .     SeeInvis .   b - +5 longbow (freeze)
rCold    . . .     Gourm    .   (shield currently unavailable)
rNeg     + . .     Faith    .   W - +6 ring mail "Yxexuv" {rF+ Stlth+}
rPois    +         Spirit   .   E - +2 helmet {Int+3}
rElec    +         Reflect  .   C - scarf of the Worm {*Slow rElec Str+7 Dex+2}
rCorr    .         Harm     .   G - +2 pair of gloves {Str+3}
MR       +....                  F - +10 Black Knight's horse barding {ponderous, rPois rN+}
Stlth    +++.......             w - amulet of Fahoa {rPois rF+ Regen+ Int+3}
HPRegen  1.23/turn              V - +4 ring of evasion
MPRegen  0.24/turn              z - +3 ring of slaying

@: studying Dodging, quick
A: hooves 3, clumsy 1, deformed body, speed 2, high mp 1, regeneration 1,
electricity resistance, tough skin 3
}: 4/15 runes: barnacled, slimy, silver, gossamer
a: Renounce Religion


You were on level 1 of the Vaults.
You worshipped Makhleb.
Makhleb was aware of your devotion.
You were full.

You visited 10 branches of the dungeon, and saw 46 of its levels.
You also visited: Ice Cave and Volcano.

You collected 5360 gold pieces.
You spent 3376 gold pieces at shops.

Inventory:

Hand Weapons
 a - the +12 longbow of the Spinneret {flame, rN+ Dex+3 Stlth+}
   (Okawaru gifted it to you on level 4 of the Lair of Beasts)

   It causes projectiles fired from it to burn those they strike, causing extra
   injury to most foes and up to half again as much damage against particularly
   susceptible opponents.
   It affects your dexterity (+3).
   It protects you from negative energy.
   It makes you more stealthy.
 b - a +5 longbow of freezing (weapon)
   (Okawaru gifted it to you on level 5 of the Vaults)
 c - a +4 sacred scourge of holy wrath
   (You took it off Mennas on level 2 of the Vaults)
Missiles
 N - 863 arrows (quivered)
Armour
 C - the scarf of the Worm (worn) {*Slow rElec Str+7 Dex+2}
   (Okawaru gifted it to you on level 4 of the Spider Nest)

   It affects your strength (+7).
   It affects your dexterity (+2).
   It insulates you from electricity.
   It may slow you when you take damage.
 E - a +2 helmet of intelligence (worn)
   (Okawaru gifted it to you on level 5 of the Vaults)
 F - the +10 Black Knight's horse barding (worn) {ponderous, rPois rN+}
   (You acquired it on level 6 of the Lair of Beasts)

   It protects you from poison.
   It protects you from negative energy.
 G - a +2 pair of gloves of strength (worn)
   (Okawaru gifted it to you on level 6 of the Lair of Beasts)
 I - the +3 ring mail of Royalty {rF+ MR++ MP+9 Stlth+}
   (Okawaru gifted it to you on level 3 of the Elven Halls)

   It protects you from fire.
   It affects your resistance to hostile enchantments.
   It affects your magic capacity (+9).
   It makes you more stealthy.
 L - the +7 Kryia's mail coat {PotionHeal*2 rC+}
   (You found it on level 3 of the Elven Halls)

   It protects you from cold.
 W - the +6 ring mail "Yxexuv" (worn) {rF+ Stlth+}
   (You found it on level 5 of the Pits of Slime)

   It protects you from fire.
   It makes you more stealthy.
Jewellery
 i - an uncursed ring of wizardry
   (You found it on level 5 of the Vaults)
 v - an uncursed ring of protection from cold
   (You found it on level 4 of the Spider Nest)
 w - the amulet of Fahoa (around neck) {rPois rF+ Regen+ Int+3}
   (You found it on level 5 of the Pits of Slime)

   [amulet of regeneration]

   It affects your intelligence (+3).
   It protects you from fire.
   It protects you from poison.
   It increases your rate of regeneration.
 z - a +3 ring of slaying (right hand)
   (You found it on level 3 of the Elven Halls)
 K - an uncursed ring of resist corrosion
   (You found it on level 2 of the Vaults)
 Q - the ring of Suef {rPois MR+}
   (You found it on level 5 of the Pits of Slime)

   [ring of protection from magic]

   It protects you from poison.
   It affects your resistance to hostile enchantments.
 T - an uncursed amulet of magic regeneration
   (You found it on level 4 of the Shoals)
 V - a +4 ring of evasion (left hand)
   (You found it on level 11 of the Dungeon)
Wands
 l - a wand of scattershot (4/9)
 B - a wand of acid (5/15)
 H - a wand of digging (23/24)
 M - a wand of paralysis (6/24)
 O - a wand of acid (3/15)
Scrolls
 p - 2 scrolls of fear
 r - 17 scrolls of remove curse
 t - 10 scrolls of teleportation
 y - 4 scrolls of fog
 A - 3 scrolls of magic mapping
 D - 3 scrolls of immolation
 R - a scroll of blinking
 X - a scroll of silence
 Y - 11 scrolls of recharging
Potions
 d - 6 potions of heal wounds
 e - 10 potions of agility
 g - a potion of berserk rage
 h - 3 potions of mutation {!q}
 m - 2 potions of brilliance
 o - 12 potions of curing
 q - 2 potions of cancellation
 u - 3 potions of flight
 x - 9 potions of ambrosia
 J - 8 potions of might
 P - 3 potions of invisibility
 U - 9 potions of haste
Books
 s - a manual of Dodging
   (You found it on level 5 of the Pits of Slime)
Comestibles
 f - 24 bread rations


   Skills:
 - Level 17.5 Fighting
 - Level 11.9 Maces & Flails
   Level 8.4 Polearms
 - Level 24.0 Bows
 + Level 13.2 Armour
 - Level 12.9 Dodging
 - Level 5.6 Stealth
   Level 2.1 Shields
 - Level 6.1 Spellcasting
 - Level 5.0 Hexes
 - Level 4.0 Charms
 - Level 4.0 Necromancy
 - Level 10.3 Translocations
 - Level 9.4 Invocations
 - Level 6.1 Evocations


You had 4 spell levels left.
You knew the following spells:

 Your Spells              Type           Power        Failure   Level  Hunger
a - Apportation           Tloc           #####.       1%          1    None
b - Blink                 Tloc           N/A          1%          2    #......
c - Control Undead        Necr           ###.......   34%         4    ####...
g - Passage of Golubria   Tloc           N/A          2%          4    ####...
n - Animate Skeleton      Necr           N/A          3%          1    None
p - Portal Projectile     Hex/Tloc       ####..       2%          3    ##.....
r - Regeneration          Chrm/Necr      ###.......   11%         3    ##.....
w - Passwall              Tmut/Erth      #.........   28%         2    #......
B - Controlled Blink      Tloc           N/A          100%        8    #######
P - Summon Butterflies    Summ           #.......     19%         1    None


Dungeon Overview and Level Annotations

Branches:
Dungeon (15/15)            Temple (1/1) D:7            Lair (6/6) D:10
 Shoals (4/4) Lair:2       Spider (4/4) Lair:3        Slime (5/5) Lair:6
    Orc (2/2) D:12            Elf (3/3) Orc:2        Vaults (5/5) D:14
 Depths (1/5) D:15
  Crypt: Vaults:2-3

Altars:
Ashenzari
Cheibriados
Dithmenos
Elyvilon
Fedhas
Gozag
Hepliaklqana
Kikubaaqudgha
Makhleb
Nemelex Xobeh
Okawaru
Qazlal
Ru
Sif Muna
Trog
Uskayaw
Vehumet
Wu Jian
Xom
Zin
The Shining One
Beogh

Shops:
D:7 !   D:8 *   D:15 [   Orc:2 (:*?[   Shoals:4 :**

Portals:
Trove: D:10 (give 16 scrolls of teleportation)

Annotations:
Lair:4 exclusion: 2 oklob plants
Shoals:4 Mara
Elf:2 4 runed doors


Innate Abilities, Weirdness & Mutations

You have hooves in place of feet.
Armour fits poorly on your strangely shaped body.
You cover ground very quickly.
You have extremely tough skin. (AC +3)
You are clumsy. (Dex -2)
You have an increased reservoir of magic. (+10% MP)
Your natural rate of healing is unusually fast.
You are resistant to electric shocks. (rElec)


Message History

Press: ? - help, Shift-Dir - straight line, f/p - daeva
Aim: a daeva, wielding a scimitar of holy wrath and wearing a large shield (durably summoned, haloed)
You shoot an arrow. The arrow misses the angel.
The arrow completely misses the daeva.
The angel gestures.
The angel is healed somewhat.
Firing (i - inventory):
N - 864 arrows (quivered)
Press: ? - help, Shift-Dir - straight line, f/p - daeva
Aim: a daeva, wielding a scimitar of holy wrath and wearing a large shield (durably summoned, haloed)
You shoot an arrow. The arrow misses the angel.
The arrow hits the daeva!!!
The arrow freezes the daeva.
The daeva is heavily wounded.
The angel hits you but does no damage.
The angel hits you with a whip of holy wrath.
* * * LOW HITPOINT WARNING * * *
The angel hits you with a whip of holy wrath.
* * * LOW HITPOINT WARNING * * *
The angel misses you.
Firing (i - inventory):
N - 863 arrows (quivered)
Press: ? - help, Shift-Dir - straight line, f - angel
Aim: an angel, wielding a whip of holy wrath and wearing a robe (heavily wounded, durably summoned, haloed)
You shoot an arrow. The arrow hits the angel!!
The arrow freezes the angel!
The angel is almost dead.
The angel gestures.
The angel is healed somewhat.
Firing (i - inventory):
N - 862 arrows (quivered)
Press: ? - help, Shift-Dir - straight line, f - daeva, p - angel
Aim: a daeva, wielding a scimitar of holy wrath and wearing a large shield (heavily wounded, durably summoned, haloed)
You shoot an arrow. The arrow hits the angel!
The arrow freezes the angel.
The angel is almost dead.
The angel gestures.
The angel is healed somewhat.
Firing (i - inventory):
N - 861 arrows (quivered)
Press: ? - help, Shift-Dir - straight line, f/p - daeva
Aim: a daeva, wielding a scimitar of holy wrath and wearing a large shield (heavily wounded, durably summoned, haloed)
You shoot an arrow. The arrow hits the angel!!
The arrow freezes the angel!
You kill the angel!
That felt strangely unrewarding.
Firing (i - inventory):
N - 860 arrows (quivered)
Press: ? - help, Shift-Dir - straight line, f/p - daeva
Aim: a daeva, wielding a scimitar of holy wrath and wearing a large shield (moderately wounded, durably summoned, haloed)
You shoot an arrow. The daeva blocks the arrow.
The daeva hits you with a scimitar of holy wrath!
* * * LOW HITPOINT WARNING * * *
The daeva hits you but does no damage.
Firing (i - inventory):
N - 859 arrows (quivered)
Press: ? - help, Shift-Dir - straight line, f/p - daeva
Aim: a daeva, wielding a scimitar of holy wrath and wearing a large shield (moderately wounded, durably summoned, haloed)
You shoot an arrow. The daeva blocks the arrow.
Firing (i - inventory):
N - 858 arrows (quivered)
Press: ? - help, Shift-Dir - straight line, f/p - daeva
Aim: a daeva, wielding a scimitar of holy wrath and wearing a large shield (moderately wounded, durably summoned, haloed)
You shoot an arrow. The arrow hits the daeva!
The arrow freezes the daeva!
The daeva is severely wounded.
The daeva hits you with a scimitar of holy wrath!
* * * LOW HITPOINT WARNING * * *
The daeva hits you with a scimitar of holy wrath.
* * * LOW HITPOINT WARNING * * *
Firing (i - inventory):
N - 857 arrows (quivered)
Press: ? - help, Shift-Dir - straight line, f/p - daeva
Aim: a daeva, wielding a scimitar of holy wrath and wearing a large shield (heavily wounded, durably summoned, haloed)
You shoot an arrow. The daeva blocks the arrow.
You feel much better.
The daeva hits you but does no damage. x2
Firing (i - inventory):
N - 856 arrows (quivered)
Press: ? - help, Shift-Dir - straight line, f/p - daeva
Aim: a daeva, wielding a scimitar of holy wrath and wearing a large shield (heavily wounded, durably summoned, haloed)
You shoot an arrow. The arrow hits the daeva!
The arrow freezes the daeva.
The daeva is severely wounded.
The daeva calls down the wrath of the Shining One upon you.
The Shining One smites you!
* * * LOW HITPOINT WARNING * * *
Firing (i - inventory):
N - 855 arrows (quivered)
Press: ? - help, Shift-Dir - straight line, f/p - daeva
Aim: a daeva, wielding a scimitar of holy wrath and wearing a large shield (severely wounded, durably summoned, haloed)
You shoot an arrow. The arrow hits the daeva!!
The arrow freezes the daeva.
The daeva is almost dead.
Firing (i - inventory):
N - 854 arrows (quivered)
Press: ? - help, Shift-Dir - straight line, f/p - daeva
Aim: a daeva, wielding a scimitar of holy wrath and wearing a large shield (almost dead, durably summoned, haloed)
You shoot an arrow. The arrow hits the daeva.
The arrow freezes the daeva.
The daeva is almost dead.
The daeva hits you but does no damage. x2
Firing (i - inventory):
N - 853 arrows (quivered)
Press: ? - help, Shift-Dir - straight line, f/p - daeva
Aim: a daeva, wielding a scimitar of holy wrath and wearing a large shield (almost dead, durably summoned, haloed)
You shoot an arrow. The daeva blocks the arrow.
The daeva calls down the wrath of the Shining One upon you.
The Shining One smites you!
* * * LOW HITPOINT WARNING * * *
Firing (i - inventory):
N - 852 arrows (quivered)
Press: ? - help, Shift-Dir - straight line, f/p - daeva
Aim: a daeva, wielding a scimitar of holy wrath and wearing a large shield (almost dead, durably summoned, haloed)
You shoot an arrow. The arrow hits the daeva!!
The arrow freezes the daeva.
You kill the daeva!
That felt strangely unrewarding.
You see here 12 arrows.
N - 863 arrows (gained 12)
You start resting.
HP restored.
Are you sure you want to abandon this character and quit the game? (Confirm with "yes".)

###.###)#.#.# #....... #. #/#(#[#
#....... +.#.###.#.##### #.......
#.........(.#.####(#####
#.#.#....(###.#..((..# #
#.....#.#.#...((.#
#..(.(#(#.#......#
#.....(((.#.A....#
#.#@#(###.#......#
...#.#(#...(......#
###.#######.#......# ..
...#..[...# #####......###
############## #......#..
......#......# #......'..
......#......##############'###..
......#.....)))...'(...#....# #..


There were no monsters in sight!

Vanquished Creatures
  the Royal Jelly (Slime:5)
  Mennas (Vaults:2)
  Saint Roka (Orc:2)
  2 golden dragons (Vaults:5)
  Nikola (Shoals:4)
  Arachne (Spider:3)
  Jorgrun (Depths:1)
  A lich (Vaults:5)
  4 tentacled monstrosities (Vaults:5)
  An Ice Fiend (IceCv)
  2 quicksilver dragons (Vaults:5)
  5 titans (Vaults:5)
  3 deep elf blademasters
  Polyphemus (Shoals:4)
  11 acid blobs
  The ghost of Gruesome the Hoplite, an adept BaFi of Cheibriados (Shoals:4)
  6 sphinxes
  2 deep elf master archers (Elf:3)
  Frances (D:12)
  Kirke (Lair:4)
  3 storm dragons (Vaults:5)
  4 shadow dragons (Vaults:5)
  5 tengu reavers (Vaults:5)
  Ilsuiw (Shoals:4)
  2 daevas (Vaults:1)
  Donald (Shoals:2)
  4 ghost moths (Spider:4)
  5 deep elf sorcerers
  A frost giant (Vaults:5)
  5 fire giants
  Louise (D:15)
  12 azure jellies (Slime:5)
  17 vault wardens
  Aizul (Shoals:4)
  An orc warlord (Orc:2)
  8 emperor scorpions
  An angel (Vaults:1)
  3 deep elf elementalists
  2 war gargoyles (Vaults:5)
  5 entropy weavers
  6 stone giants
  11 ironheart preservers
  An entropy weaver (shapeshifter) (Vaults:5)
  13 deep elf demonologists
  2 spark wasps (Spider:4)
  8 deep elf annihilators (Elf:3)
  4 merfolk javelineers
  11 deep elf death magi
  6 ettins
  Snorg (Lair:4)
  3 merfolk impalers (Shoals:4)
  3 fire dragons
  7 yaktaur captains
  3 death oozes (Slime:5)
  2 deep elf high priests (Elf:3)
  3 great orbs of eyes
  30 vault guards
  3 rakshasas
  7 hydras
  5 catoblepae
  5 centaur warriors
  5 merfolk aquamancers (Shoals:4)
  6 ogre magi
  27 two-headed ogres
  3 deep troll shamans
  2 merfolk avatars (Shoals:4)
  25 dancing weapons
  2 satyrs (Shoals:4)
  2 deep troll earth magi
  16 death yaks
  7 orc high priests (Orc:2)
  A hell knight (Volcano)
  A sun demon (Volcano)
  11 deep elf knights
  Sonja (D:12)
  2 unseen horrors
  A shadow wraith (Vaults:3)
  8 deep trolls
  2 death drakes (shapeshifter)
  4 wizards
  5 sea snakes (Shoals:4)
  2 flayed ghosts
  A phantasmal warrior (Vaults:5)
  17 deep elf archers
  A glowing orange brain (D:15)
  9 orc knights
  55 deep elf magi
  30 wolf spiders
  6 harpies (Shoals:4)
  2 necromancers
  11 ironbrand convokers
  A lindwurm (shapeshifter) (Vaults:5)
  12 orb spiders
  9 manticores
  A tengu skeleton (Vaults:4)
  A fire giant zombie (Depths:1)
  4 shining eyes
  8 fauns
  A shadow dragon skeleton (Vaults:4)
  6 orc sorcerers
  6 cyclopes
  6 ugly things
  Maurice (Orc:1)
  A moth of wrath (Spider:4)
  2 moths of wrath (shapeshifter)
  A human skeleton (Vaults:4)
  A black mamba (Lair:1)
  Joseph (D:7)
  A centaur zombie (D:11)
  7 merfolk sirens
  An ice statue (IceCv)
  10 vault sentinels
  2 gargoyles
  A black mamba (shapeshifter) (Depths:1)
  4 spiny frogs
  A torpor snail (Spider:2)
  3 water nymphs (Shoals:4)
  25 yaktaurs
  A yaktaur (shapeshifter) (D:15)
  3 eyes of devastation
  4 komodo dragons
  7 freezing wraiths
  A kobold demonologist (D:13)
  2 rime drakes
  An efreet (D:15)
  3 anaconda simulacra (IceCv)
  13 demonic crawlers
  8 ice devils (IceCv)
  A golden dragon simulacrum (IceCv)
  6 trolls
  A polar bear (shapeshifter) (D:15)
  2 red devils (Volcano)
  2 polar bears
  18 merfolk
  3 meliai (Spider:3)
  27 jumping spiders
  4 tyrant leeches (Spider:2)
  70 slime creatures
  A queen bee (D:12)
  A tengu simulacrum (Vaults:1)
  A blink frog (shapeshifter) (Vaults:1)
  A dream sheep (shapeshifter) (Vaults:5)
  11 hornets
  7 snapping turtles
  A wind drake (shapeshifter) (Vaults:3)
  A fire giant simulacrum (Depths:1)
  A hippogriff (shapeshifter) (Vaults:4)
  9 blink frogs
  9 hippogriffs
  2 air elementals (Elf:1)
  2 dire elephant simulacra (IceCv)
  54 redbacks
  A spriggan (Lair:6)
  11 water elementals
  5 hogs (Lair:4)
  33 tarantellas
  A vampire (D:14)
  2 yaks (shapeshifter)
  5 wraiths
  37 yaks
  7 wyverns
  3 fire bats (Volcano)
  A death yak simulacrum (IceCv)
  A fire elemental (Elf:3)
  5 golden eyes (Slime:2)
  4 vampire mosquitoes
  4 basilisks
  4 harpy simulacra (IceCv)
  5 wargs
  A swamp worm (shapeshifter) (Elf:3)
  2 iron troll simulacra (IceCv)
  A hell hound (Volcano)
  A soldier ant (shapeshifter) (Vaults:5)
  2 hydra simulacra (IceCv)
  5 water moccasins
  3 acid dragons
  A deep troll skeleton (Vaults:4)
  6 porcupines
  An ice beast (D:8)
  6 sky beasts
  5 black bears
  2 phantoms
  34 orc warriors
  3 eyes of draining
  An alligator simulacrum (IceCv)
  A necrophage (D:9)
  27 ogres
  5 ettin simulacra (IceCv)
  7 wolves
  4 boggarts (Lair:5)
  7 centaurs
  11 crocodiles
  11 bullfrogs
  2 big kobolds
  7 earth elementals
  2 water moccasin zombies
  A wyvern skeleton (D:14)
  5 scorpions
  16 killer bees (D:12)
  25 wights
  An electric eel (Spider:2)
  4 howler monkeys
  4 crimson imps
  3 lava snakes (Volcano)
  2 bullfrog zombies
  A quasit (D:10)
  A draconian simulacrum (IceCv)
  13 orc priests
  11 hounds
  A hound (shapeshifter) (Vaults:5)
  A jelly (D:13)
  22 orc wizards
  3 iguanas
  3 centaur skeletons
  3 hell rats (Lair:2)
  A spriggan simulacrum (IceCv)
  11 worker ants
  4 troll simulacra (IceCv)
  A wolf simulacrum (IceCv)
  3 centaur simulacra (IceCv)
  6 gnolls
  12 adders
  2 naga simulacra (IceCv)
  2 ogre simulacra (IceCv)
  5 river rats (Lair:2)
  2 shadow imps
  9 white imps (IceCv)
  4 ufetubi (IceCv)
  3 oozes
  An adder zombie (D:6)
  A worm (D:2)
  A dart slug (D:2)
  3 leopard geckos
  70 orcs
  5 bats
  4 giant cockroaches
  3 goblins
  5 hobgoblins
  18 kobolds
  7 quokkas
  5 frilled lizards
  A quokka skeleton (D:10)
  11 rats
  A fungus (Lair:6)
  A plant (Lair:2)
1532 creatures vanquished.

Vanquished Creatures (collateral kills)
  A plant (Lair:5)
1 creature vanquished.

Vanquished Creatures (others)
  A redback (Spider:3)
  A warg (Orc:2)
  A bush (Lair:6)
  5 fungi
  2 plants
10 creatures vanquished.

Grand Total: 1543 creatures vanquished

Notes
Turn   | Place    | Note
-------+----------+-------------------------------------------
     0 | D:1      | tidbits the Centaur Fighter began the quest for the Orb.
     0 | D:1      | Reached XP level 1. HP: 19/19 MP: 1/1
   162 | D:1      | Reached skill level 2 in Polearms
   267 | D:1      | Reached XP level 2. HP: 26/26 MP: 2/2
   459 | D:2      | Gained mutation: You are resistant to electric shocks. (rElec) [potion of mutation]
   459 | D:2      | Gained mutation: You are clumsy. (Dex -2) [potion of mutation]
   459 | D:2      | Gained mutation: You have an increased reservoir of magic. (+10% MP) [potion of mutation]
   459 | D:2      | Gained mutation: Your natural rate of healing is unusually fast. [potion of mutation]
   471 | D:2      | HP: 1/26 [poisoned by an adder]
   596 | D:2      | Reached XP level 3. HP: 31/31 MP: 3/3
   737 | D:2      | Found a hide-covered altar of Uskayaw.
   745 | D:2      | Noticed a hand axe
   746 | D:2      | Noticed a dagger
  1119 | D:3      | Found a faded altar of an unknown god.
  1196 | D:3      | Reached skill level 4 in Fighting
  1239 | D:3      | Found a burning altar of Makhleb.
  1240 | D:3      | Found a sacrificial altar of Ru.
  1240 | D:3      | Found an ancient bone altar of Kikubaaqudgha.
  1246 | D:3      | Found a radiant altar of Vehumet.
  1249 | D:3      | Found an ornate altar of the Wu Jian Council.
  1305 | D:3      | Reached skill level 3 in Polearms
  1305 | D:3      | Reached XP level 4. HP: 28/40 MP: 4/4
  1822 | D:4      | Reached XP level 5. HP: 37/47 MP: 5/5
  1895 | D:4      | Noticed an ogre
  1933 | D:4      | HP: 1/47 [ogre/giant spiked club (11)]
  1935 | D:4      | Killed an ogre
  1935 | D:4      | Reached skill level 5 in Fighting
  2071 | D:4      | Reached skill level 4 in Polearms
  2121 | D:4      | Reached XP level 6. HP: 52/56 MP: 6/6
  2155 | D:4      | Found an iron altar of Okawaru.
  2166 | D:4      | Became a worshipper of Warmaster Okawaru
  2305 | D:5      | Entered Level 5 of the Dungeon
  2800 | D:5      | Found a radiant altar of Vehumet.
  2848 | D:5      | Found a hazy altar of Hepliaklqana.
  3082 | D:6      | Reached skill level 6 in Fighting
  3110 | D:6      | Reached XP level 7. HP: 63/63 MP: 7/7
  3179 | D:6      | Reached skill level 5 in Polearms
  3186 | D:6      | Reached * piety under Okawaru
  3419 | D:6      | Reached skill level 7 in Fighting
  3462 | D:6      | Found a glowing silver altar of Zin.
  3594 | D:6      | Reached ** piety under Okawaru
  3594 | D:6      | Reached skill level 6 in Polearms
  3654 | D:6      | Found a snail-covered altar of Cheibriados.
  3724 | D:6      | Found a white marble altar of Elyvilon.
  3826 | D:7      | Found a staircase to the Ecumenical Temple.
  3910 | D:7      | Reached XP level 8. HP: 70/73 MP: 8/8
  4003 | D:7      | Found Ysues's Distillery.
  4027 | D:7      | Bought a potion of curing for 36 gold pieces
  4027 | D:7      | Bought 2 potions of heal wounds for 120 gold pieces
  4027 | D:7      | Bought a potion of agility for 48 gold pieces
  4277 | D:7      | Noticed Joseph
  4321 | D:7      | Killed Joseph
  4321 | D:7      | Reached skill level 8 in Fighting
  4442 | D:8      | Noticed a two-headed ogre
  4485 | D:8      | Reached skill level 7 in Polearms
  4619 | D:7      | Reached *** piety under Okawaru
  4747 | D:8      | Got a heavily runed ring mail
  4776 | D:7      | Identified the cursed +1 ring mail "Xugeclom" {rC++ rN+ MR-} (You found it on level 8 of the Dungeon)
  5000 | D:8      | Killed a two-headed ogre
  5000 | D:8      | Reached skill level 9 in Fighting
  5000 | D:8      | Reached skill level 8 in Polearms
  5000 | D:8      | Reached XP level 9. HP: 84/84 MP: 9/9
  5071 | D:8      | Reached skill level 1 in Invocations
  5132 | D:8      | Reached skill level 2 in Invocations
  5175 | D:8      | Reached skill level 4 in Invocations
  5195 | D:8      | Noticed a two-headed ogre
  5228 | D:8      | Killed a two-headed ogre
  5228 | D:8      | Reached **** piety under Okawaru
  5228 | D:8      | Reached skill level 6 in Invocations
  5370 | D:9      | Noticed a troll
  5391 | D:9      | Killed a troll
  5391 | D:9      | Reached skill level 7 in Invocations
  5391 | D:9      | Reached XP level 10. HP: 92/92 MP: 15/17
  5560 | D:9      | Reached skill level 8 in Invocations
  5711 | D:10     | Entered Level 10 of the Dungeon
  5859 | D:10     | Noticed a two-headed ogre
  5922 | D:10     | Killed a two-headed ogre
  5922 | D:10     | Reached ***** piety under Okawaru
  5922 | D:10     | Reached skill level 9 in Invocations
  5943 | D:10     | Found a staircase to the Lair.
  5946 | D:10     | Found a portal to a secret trove of treasure.
  6014 | D:10     | Reached skill level 1 in Bows
  6024 | D:10     | Reached skill level 2 in Bows
  6067 | D:10     | Reached skill level 3 in Bows
  6109 | D:10     | Reached skill level 4 in Bows
  6166 | D:10     | Reached skill level 5 in Bows
  6218 | D:10     | Reached skill level 6 in Bows
  6307 | D:10     | Noticed a gargoyle
  6331 | D:10     | Killed a gargoyle
  6331 | D:10     | Reached skill level 7 in Bows
  6390 | D:10     | Found a shimmering altar of Xom.
  6599 | D:11     | Received a gift from Okawaru
  6664 | D:11     | Reached skill level 8 in Bows
  6737 | D:11     | Received a gift from Okawaru
  6758 | D:11     | Reached skill level 9 in Bows
  6802 | D:11     | Reached XP level 11. HP: 99/99 MP: 17/19
  7094 | D:11     | Received a gift from Okawaru
  7107 | D:11     | Reached skill level 10 in Bows
  7332 | D:11     | Noticed a two-headed ogre
  7361 | D:11     | Killed a two-headed ogre
  7361 | D:11     | Received a gift from Okawaru
  7361 | D:11     | Reached skill level 11 in Bows
  7464 | D:11     | Identified a scroll of acquirement
  7493 | D:11     | Got a steaming longbow
  7495 | D:11     | Identified the +1 longbow "Eneokent" {venom, rN+ MR+ Int+2 Dex-3} (You acquired it on level 11 of the Dungeon)
  7691 | Lair:1   | Entered Level 1 of the Lair of Beasts
  7744 | Lair:1   | Reached skill level 12 in Bows
  7870 | Lair:1   | Received a gift from Okawaru
  8261 | Lair:2   | Reached skill level 13 in Bows
  8295 | Lair:2   | Noticed a death yak
  8328 | Lair:2   | Noticed a death yak
  8328 | Lair:2   | Noticed a death yak
  8330 | Lair:2   | Noticed a death yak
  8336 | Lair:2   | Killed a death yak
  8343 | Lair:2   | Killed a death yak
  8343 | Lair:2   | Reached skill level 14 in Bows
  8348 | Lair:2   | Killed a death yak
  8358 | Lair:2   | Killed a death yak
  8358 | Lair:2   | Received a gift from Okawaru
  8418 | Lair:2   | Noticed a seven-headed hydra
  8440 | Lair:2   | Killed a seven-headed hydra
  8440 | Lair:2   | Received a gift from Okawaru
  8440 | Lair:2   | Reached skill level 15 in Bows
  8440 | Lair:2   | Reached XP level 12. HP: 106/106 MP: 17/20
  8666 | Lair:2   | Reached ****** piety under Okawaru
  8666 | Lair:2   | Received a gift from Okawaru
  8955 | Lair:2   | Found a staircase to the Shoals.
  9094 | Lair:3   | Found a hole to the Spider Nest.
  9105 | Lair:3   | Reached skill level 16 in Bows
  9531 | Lair:3   | Reached skill level 17 in Bows
  9625 | Lair:3   | Learned a level 1 spell: Animate Skeleton
  9627 | Lair:3   | Learned a level 1 spell: Apportation
  9631 | Lair:3   | Learned a level 3 spell: Regeneration
 10203 | D:8      | Reached skill level 1 in Dodging
 10304 | D:8      | Got a faintly glowing hand axe
 10424 | D:8      | Found an opulent altar of Gozag.
 10425 | D:8      | Found Gozag's Platinum Reserve.
 10650 | Lair:2   | Reached skill level 1 in Translocations
 10865 | Lair:4   | Learned a level 1 spell: Summon Butterflies
 10910 | Lair:4   | Noticed Kirke
 10913 | Lair:4   | Noticed Snorg
 10918 | Lair:4   | Reached skill level 2 in Translocations
 10924 | Lair:4   | Killed Snorg
 10924 | Lair:4   | Reached skill level 1 in Spellcasting
 10927 | Lair:4   | Reached skill level 3 in Translocations
 10945 | Lair:4   | Killed Kirke
 10945 | Lair:4   | Received a gift from Okawaru
 10945 | Lair:4   | Reached skill level 2 in Spellcasting
 10945 | Lair:4   | Reached skill level 4 in Translocations
 10949 | Lair:4   | Got a dazzling longbow {god gift}
 10950 | Lair:4   | Identified the +12 longbow of the Spinneret {flame, rN+ Dex+3 Stlth+} (Okawaru gifted it to you on level 4 of the Lair of Beasts)
 11118 | Lair:4   | Noticed a catoblepas
 11172 | Lair:4   | Killed a catoblepas
 11172 | Lair:4   | Reached skill level 2 in Dodging
 11411 | Lair:5   | Got a faintly glowing war axe {chop}
 11417 | Lair:5   | Identified the +7 war axe of Anoejeg {chop, Dex+4} (You took it off a boggart on level 5 of the Lair of Beasts)
 11444 | Lair:5   | Noticed a four-headed hydra
 11453 | Lair:5   | Killed a four-headed hydra
 11453 | Lair:5   | Reached skill level 3 in Dodging
 11453 | Lair:5   | Reached XP level 13. HP: 112/112 MP: 19/22
 11882 | Lair:5   | Reached skill level 4 in Dodging
 11887 | Lair:5   | Reached skill level 3 in Armour
 11967 | Lair:6   | Entered Level 6 of the Lair of Beasts
 12014 | Lair:6   | Reached skill level 4 in Armour
 12246 | Lair:6   | Found a staircase to the Slime Pits.
 12320 | Lair:6   | Identified the +4 hand axe of Big Damage {chop, rF+} (You found it on level 8 of the Dungeon)
 12351 | Lair:6   | Received a gift from Okawaru
 12395 | Lair:6   | Reached skill level 5 in Armour
 12460 | Lair:6   | Reached skill level 10 in Fighting
 12535 | Lair:6   | Received a gift from Okawaru
 12832 | Lair:6   | Reached skill level 11 in Fighting
 12920 | Lair:6   | Received a gift from Okawaru
 12920 | Lair:6   | Reached skill level 12 in Fighting
 13205 | Shoals:1 | Entered Level 1 of the Shoals
 13304 | Shoals:2 | Noticed a merfolk javelineer
 13315 | Shoals:2 | Killed a merfolk javelineer
 13315 | Shoals:2 | Reached skill level 18 in Bows
 13315 | Shoals:2 | Reached XP level 14. HP: 118/127 MP: 15/23
 13359 | Shoals:2 | Noticed Donald
 13364 | Shoals:2 | Killed Donald
 13451 | Shoals:3 | Got an encrusted centaur barding
 13622 | Shoals:4 | Entered Level 4 of the Shoals
 13636 | Shoals:4 | Noticed Ilsuiw
 13658 | Shoals:4 | Killed Ilsuiw
 13658 | Shoals:4 | Received a gift from Okawaru
 13658 | Shoals:4 | Reached skill level 19 in Bows
 13713 | Shoals:4 | Found Fyiv's Book Shop.
 13721 | Shoals:4 | Bought a book of Minor Magic for 280 gold pieces
 13724 | Shoals:4 | Learned a level 2 spell: Blink
 13834 | Shoals:4 | Noticed Gruesome's ghost (adept BaFi)
 13913 | Shoals:4 | Killed Gruesome's ghost
 13948 | Shoals:4 | Noticed Polyphemus
 13998 | Shoals:4 | Reached skill level 20 in Bows
 14025 | Shoals:4 | Killed Polyphemus
 14073 | Shoals:4 | Reached skill level 13 in Fighting
 14117 | Shoals:4 | Noticed Aizul
 14133 | Shoals:4 | Killed Aizul
 14133 | Shoals:4 | Received a gift from Okawaru
 14146 | Shoals:4 | Noticed Mara
 14147 | Shoals:4 | Found Buwim's Assorted Antiques.
 14176 | Shoals:4 | Received a gift from Okawaru
 14190 | Shoals:4 | Got a distressingly furry crystal plate armour {god gift}
 14314 | Shoals:4 | Reached skill level 14 in Fighting
 14360 | Shoals:4 | Reached XP level 15. HP: 138/138 MP: 24/24
 14703 | Shoals:4 | Noticed Nikola
 14717 | Shoals:4 | Killed Nikola
 14717 | Shoals:4 | Reached skill level 15 in Fighting
 14772 | Shoals:4 | Got a pair of polished gloves
 14796 | Shoals:4 | Found Zumazxou's General Store.
 14846 | Shoals:4 | Bought a scroll of fear for 52 gold pieces
 14858 | Shoals:4 | Identified the +2 pair of gloves "Ynueriz" {rN+ Int+5 Dex-5} (You took it off Nikola on level 4 of the Shoals)
 14878 | Shoals:4 | Received a gift from Okawaru
 14890 | Shoals:4 | Reached skill level 6 in Armour
 14917 | Shoals:4 | Got a barnacled rune of Zot
 14957 | Shoals:4 | Bought a sedimented black potion for 25 gold pieces
 14957 | Shoals:4 | Bought a smelly scale mail for 252 gold pieces
 14992 | Shoals:4 | Noticed tidbits's illusion
 15146 | Spider:1 | Entered Level 1 of the Spider Nest
 15278 | Spider:2 | Received a gift from Okawaru
 15428 | Spider:2 | Reached skill level 5 in Translocations
 15459 | Spider:2 | Received a gift from Okawaru
 15498 | Spider:3 | Reached skill level 3 in Spellcasting
 15528 | Spider:3 | Noticed Arachne
 15559 | Spider:3 | Killed Arachne
 15559 | Spider:3 | Received a gift from Okawaru
 15559 | Spider:3 | Reached skill level 21 in Bows
 15606 | Spider:3 | Received a gift from Okawaru
 15661 | Spider:3 | Reached skill level 22 in Bows
 15661 | Spider:3 | Reached XP level 16. HP: 131/149 MP: 25/25
 15931 | Spider:2 | Received a gift from Okawaru
 16010 | Spider:2 | Reached skill level 23 in Bows
 16039 | Spider:2 | Received a gift from Okawaru
 16123 | Spider:3 | Identified the +3 scale mail of Piaggu Miasu {Str+5} (You bought it in a shop on level 4 of the Shoals)
 16148 | Spider:3 | Found a frozen archway.
 16167 | IceCv    | Entered an ice cave
 16562 | IceCv    | Reached skill level 24 in Bows
 16595 | IceCv    | Noticed an Ice Fiend
 16615 | IceCv    | Received a gift from Okawaru
 16615 | IceCv    | Reached skill level 7 in Armour
 16624 | IceCv    | Killed an Ice Fiend
 16828 | Spider:3 | Received a gift from Okawaru
 16976 | Spider:4 | Entered Level 4 of the Spider Nest
 16980 | Spider:4 | Received a gift from Okawaru
 16980 | Spider:4 | Reached skill level 8 in Armour
 17304 | Spider:4 | Reached skill level 9 in Armour
 17749 | Spider:3 | Reached skill level 10 in Armour
 17939 | Spider:4 | Received a gift from Okawaru
 17944 | Spider:4 | Reached XP level 17. HP: 145/156 MP: 26/26
 17949 | Spider:4 | Got a dazzling scarf {god gift}
 18107 | Spider:4 | Got a gossamer rune of Zot
 18120 | Spider:4 | Identified the scarf of the Worm {*Slow rElec Str+7 Dex+2} (Okawaru gifted it to you on level 4 of the Spider Nest)
 18640 | D:12     | Noticed Sonja
 18645 | D:12     | Killed Sonja
 18754 | D:13     | Reached skill level 11 in Armour
 19337 | D:15     | Entered Level 15 of the Dungeon
 19455 | D:15     | Found a staircase to the Depths.
 19476 | Depths:1 | Entered Level 1 of the Depths
 19483 | Depths:1 | Noticed Jorgrun
 19491 | Depths:1 | Killed Jorgrun
 19519 | Depths:1 | Reached skill level 12 in Armour
 19526 | Depths:1 | Received a gift from Okawaru
 19746 | D:15     | Found a blossoming altar of Fedhas.
 19926 | D:15     | Found Naistysm's Antique Armour Shoppe.
 19928 | D:15     | Noticed Louise
 19938 | D:15     | Killed Louise
 19949 | D:15     | Bought a pair of runed gloves for 240 gold pieces
 19977 | D:15     | Identified the +0 centaur barding of Minor Irritation {Int+2} (You acquired it on level 3 of the Shoals)
 20126 | D:14     | Found a gate to the Vaults.
 20139 | Vaults:1 | Entered Level 1 of the Vaults
 20156 | Vaults:1 | Received a gift from Okawaru
 20328 | Vaults:1 | Received a gift from Okawaru
 20432 | Vaults:2 | Noticed Mennas
 20447 | Vaults:2 | Killed Mennas
 20447 | Vaults:2 | Reached skill level 13 in Armour
 20565 | Vaults:2 | Reached skill level 5 in Dodging
 20819 | Vaults:3 | Reached XP level 18. HP: 163/163 MP: 27/27
 20956 | Vaults:4 | Reached skill level 1 in Charms
 20959 | Vaults:4 | Received a gift from Okawaru
 20959 | Vaults:4 | Reached skill level 1 in Necromancy
 20961 | Vaults:4 | Got a pitted shortbow {god gift}
 21028 | Vaults:4 | Reached skill level 2 in Charms
 21028 | Vaults:4 | Reached skill level 2 in Necromancy
 21277 | Vaults:4 | Reached skill level 3 in Charms
 21286 | Vaults:4 | Reached skill level 3 in Necromancy
 21388 | Vaults:4 | Reached skill level 4 in Charms
 21402 | Vaults:4 | Reached skill level 4 in Necromancy
 21435 | Vaults:4 | Reached skill level 6 in Dodging
 21724 | Vaults:4 | Received a gift from Okawaru
 21793 | Vaults:4 | Reached skill level 16 in Fighting
 21847 | Vaults:4 | Received a gift from Okawaru
 22140 | Vaults:5 | Entered Level 5 of the Vaults
 22168 | Vaults:5 | Reached skill level 17 in Fighting
 22196 | Vaults:5 | Received a gift from Okawaru
 22217 | Vaults:5 | Received a gift from Okawaru
 22230 | Vaults:5 | Reached XP level 19. HP: 177/177 MP: 28/28
 22233 | Vaults:5 | Reached skill level 1 in Evocations
 22260 | Vaults:5 | Reached skill level 2 in Evocations
 22271 | Vaults:5 | Reached skill level 3 in Evocations
 22327 | Vaults:5 | Reached skill level 4 in Evocations
 22368 | Vaults:5 | Reached skill level 5 in Evocations
 22431 | Vaults:5 | Reached skill level 6 in Evocations
 22466 | Vaults:5 | Reached skill level 1 in Stealth
 22509 | Vaults:5 | Received a gift from Okawaru
 22513 | Vaults:5 | Reached skill level 2 in Stealth
 22568 | Vaults:5 | Received a gift from Okawaru
 22649 | Vaults:5 | Noticed a lich
 22653 | Vaults:5 | Killed a lich
 22653 | Vaults:5 | Reached skill level 7 in Dodging
 22752 | Vaults:5 | Noticed a golden dragon
 22766 | Vaults:5 | Killed a golden dragon
 22766 | Vaults:5 | Received a gift from Okawaru
 22766 | Vaults:5 | Reached skill level 8 in Dodging
 22918 | Vaults:5 | Reached skill level 9 in Dodging
 22954 | Vaults:5 | Reached skill level 3 in Stealth
 22975 | Vaults:5 | Received a gift from Okawaru
 22977 | Vaults:5 | Noticed a golden dragon
 22983 | Vaults:5 | Killed a golden dragon
 22983 | Vaults:5 | Received a gift from Okawaru
 22983 | Vaults:5 | Reached skill level 4 in Stealth
 22998 | Vaults:5 | Reached XP level 20. HP: 171/184 MP: 29/29
 23041 | Vaults:5 | Reached skill level 5 in Stealth
 23065 | Vaults:5 | Received a gift from Okawaru
 23164 | Vaults:5 | Identified the +4 glaive of the Lair of Beasts {venom, rPois rN+++ MP-9 Int+2} (You took it off a tengu reaver on level 5 of the Vaults)
 23230 | Vaults:5 | Received a gift from Okawaru
 23273 | Vaults:5 | Reached skill level 10 in Dodging
 23385 | Vaults:5 | Got a silver rune of Zot
 23464 | Vaults:5 | Reached skill level 11 in Dodging
 23608 | Vaults:5 | Got a faintly glowing chain mail
 23619 | Vaults:5 | Identified the +9 chain mail of Rotation {rC++ Str+5 Dex-5} (You found it on level 5 of the Vaults)
 23870 | Vaults:5 | Got a polished scale mail
 23881 | Vaults:5 | Identified the +1 scale mail of the Allies {Int+2 Dex+4} (You found it on level 5 of the Vaults)
 24619 | D:12     | Noticed Frances
 24627 | D:12     | Killed Frances
 24628 | D:12     | Received a gift from Okawaru
 24672 | D:12     | Found a staircase to the Orcish Mines.
 25032 | Orc:1    | Entered Level 1 of the Orcish Mines
 25105 | Orc:2    | Entered Level 2 of the Orcish Mines
 25120 | Orc:2    | Found a roughly hewn altar of Beogh.
 25221 | Orc:1    | Found a dark tunnel.
 25231 | Volcano  | Entered a volcano
 25344 | Volcano  | Found a burning altar of Makhleb.
 25378 | Volcano  | Found a radiant altar of Vehumet.
 25434 | Orc:1    | Noticed Maurice
 25435 | Orc:1    | Killed Maurice
 25573 | Orc:2    | Noticed Saint Roka
 25605 | Orc:2    | Killed Saint Roka
 25605 | Orc:2    | Reached skill level 12 in Dodging
 25639 | Orc:2    | Found Kynyi's Antique Armour Boutique.
 25889 | Orc:2    | Found Naxkox's Antique Weapon Shoppe.
 25955 | Orc:2    | Found Suon's Book Shop.
 25977 | Orc:2    | Bought a book of the Warp for 1170 gold pieces
 25981 | Orc:2    | Learned a level 3 spell: Portal Projectile
 26006 | Orc:2    | Found Xepp's General Store.
 26071 | Orc:2    | Found Pycem's Magic Scroll Emporium.
 26109 | Orc:2    | Found a staircase to the Elven Halls.
 26156 | Orc:2    | Bought a scroll of teleportation for 51 gold pieces
 26156 | Orc:2    | Bought a scroll of identify for 34 gold pieces
 26156 | Orc:2    | Bought a scroll of identify for 34 gold pieces
 26156 | Orc:2    | Bought a scroll of magic mapping for 59 gold pieces
 26181 | Orc:2    | Learned a level 8 spell: Controlled Blink
 26190 | Elf:1    | Entered Level 1 of the Elven Halls
 26214 | Elf:1    | Reached skill level 6 in Translocations
 26235 | Elf:1    | Identified the cursed +0 helmet "Myst" {rN+ MR+ Str+3 Slay-3} (You found it on level 1 of the Elven Halls)
 26311 | Elf:1    | Reached XP level 21. HP: 191/192 MP: 25/30
 26366 | Elf:1    | Reached skill level 7 in Translocations
 26418 | Elf:1    | Found a radiant altar of Vehumet.
 26692 | Elf:2    | Reached skill level 8 in Translocations
 26805 | Elf:2    | Reached skill level 1 in Hexes
 26824 | Elf:2    | Found a large runed door.
 26824 | Elf:2    | Found a large runed door.
 26846 | Elf:2    | Reached skill level 2 in Hexes
 26861 | Elf:2    | Found a large runed door.
 26861 | Elf:2    | Found a large runed door.
 26943 | Elf:2    | Reached skill level 3 in Hexes
 27070 | Elf:3    | Entered Level 3 of the Elven Halls
 27073 | Elf:3    | Reached skill level 4 in Hexes
 27337 | Elf:3    | Received a gift from Okawaru
 27341 | Elf:3    | Got a polished ring mail {god gift}
 27354 | Elf:3    | Identified the +3 ring mail of Royalty {rF+ MR++ MP+9 Stlth+} (Okawaru gifted it to you on level 3 of the Elven Halls)
 27413 | Elf:3    | Reached skill level 5 in Hexes
 27662 | Elf:3    | Reached skill level 4 in Spellcasting
 27884 | Elf:3    | Reached skill level 9 in Translocations
 27941 | Elf:3    | Reached skill level 5 in Spellcasting
 28114 | Elf:3    | Reached skill level 10 in Translocations
 28134 | Elf:3    | Received a gift from Okawaru
 28188 | Elf:3    | Got a transparent ivory amulet
 28190 | Elf:3    | Identified the amulet of Iwkoddui {Gourm rF+ Str+2} (You found it on level 3 of the Elven Halls)
 28215 | Elf:3    | Identified the Reference Book on Creative Snow
 28259 | Elf:3    | Reached skill level 6 in Spellcasting
 28327 | Elf:3    | Identified the Almanac of Earthen Calling
 28337 | Elf:3    | Upgraded the game from 0.21-a0-91-ga5031da to 0.21-a0-94-gdd6ab6a
 28374 | Elf:3    | Identified the +2 flail of Growth {pain, +Blink rPois Str+8 Dex-3} (You found it on level 3 of the Elven Halls)
 28451 | Elf:3    | Identified the cursed +3 great mace of Valour {flame, rF++ Str-5 Dex+2 SInv} (You found it on level 3 of the Elven Halls)
 28542 | Elf:3    | Upgraded the game from 0.21-a0-94-gdd6ab6a to 0.21-a0-122-g43b3ea6
 28542 | Elf:3    | Upgraded the game from 0.21-a0-122-g43b3ea6 to 0.21-a0-178-g0b87683
 28542 | Elf:3    | Upgraded the game from 0.21-a0-178-g0b87683 to 0.21-a0-184-g9126a74
 28542 | Elf:3    | Upgraded the game from 0.21-a0-184-g9126a74 to 0.21-a0-221-gfe971b9
 28700 | Orc:2    | Bought a book of Burglary for 975 gold pieces
 28705 | Orc:2    | Learned a level 4 spell: Passage of Golubria
 28708 | Orc:2    | Learned a level 2 spell: Passwall
 29311 | Slime:1  | Entered Level 1 of the Pits of Slime
 29316 | Slime:1  | Reached skill level 1 in Maces & Flails
 29330 | Slime:1  | Reached skill level 2 in Maces & Flails
 29333 | Slime:1  | Received a gift from Okawaru
 29352 | Slime:1  | Reached skill level 3 in Maces & Flails
 29396 | Slime:2  | Reached skill level 4 in Maces & Flails
 29441 | Slime:2  | Reached skill level 5 in Maces & Flails
 29483 | Slime:3  | Reached XP level 22. HP: 200/200 MP: 34/34
 29492 | Slime:4  | Received a gift from Okawaru
 29498 | Slime:5  | Entered Level 5 of the Pits of Slime
 29514 | Slime:5  | Reached skill level 6 in Maces & Flails
 29592 | Slime:5  | Reached skill level 7 in Maces & Flails
 29615 | Slime:5  | Noticed the Royal Jelly
 29634 | Slime:5  | Killed the Royal Jelly
 29634 | Slime:5  | Reached skill level 9 in Maces & Flails
 29650 | Slime:5  | Reached skill level 10 in Maces & Flails
 29675 | Slime:5  | Identified Sophisticated Sorcery
 29697 | Slime:5  | Identified the amulet of Fahoa {rPois rF+ Regen+ Int+3} (You found it on level 5 of the Pits of Slime)
 29699 | Slime:5  | Got a transparent robe
 29711 | Slime:5  | Got a slimy rune of Zot
 29738 | Slime:5  | Identified the +0 robe of Foan Ymi {rF+ rN+ MR-} (You found it on level 5 of the Pits of Slime)
 29781 | Slime:5  | Identified the ring of Suef {rPois MR+} (You found it on level 5 of the Pits of Slime)
 29806 | Slime:5  | Got a bronze ring mail
 29817 | Slime:5  | Identified the +6 ring mail "Yxexuv" {rF+ Stlth+} (You found it on level 5 of the Pits of Slime)
 30195 | Temple   | Entered the Ecumenical Temple
 30232 | Temple   | Fell from the grace of Okawaru
 30232 | Temple   | Became a worshipper of the Shining One
 30232 | Temple   | Was placed under penance by the Shining One
 30416 | D:3      | Fell from the grace of the Shining One
 30416 | D:3      | Became a worshipper of Makhleb the Destroyer
 30649 | Lair:1   | Learned a level 3 spell: Regeneration
 30654 | Lair:1   | Learned a level 4 spell: Control Undead
 30821 | Vaults:1 | Reached skill level 11 in Maces & Flails
 30992 | Vaults:1 | Reached * piety under Makhleb
 31275 | Vaults:1 | Quit the game

Vault maps used:
D:1:      dpeg_arrival_signposts
D:2:      dancing_weapons_uskayaw
D:3:      minmay_overflow_temple_star_hex, chequers_ecumenical_altar_simple,
          uniq_ijyb
D:4:      okawaru_ov_weapons_minmay
D:5:      kennysheep_little_box, first_bread, vehumet_altar_wand_db
D:6:      kennysheep_ying_yang, cheibriados_altar_1, lemuel_crystal_altar,
          kennysheep_potato
D:7:      minmay_temple_entry_statues_pillars, serial_shops, shop, uniq_joseph
D:8:      nicolae_gozag_zags_fifth_avenue
D:10:     lair_entry_dummy, basic_altar, enter_trove_1
D:12:     orc_0_dummy, david_nohive_1, uniq_frances, uniq_sonja
D:13:     minmay_guarded_unrand_finisher
D:14:     david_vaults_4, serial_co_window_serial, co_window_paths_b,
          co_window_paths_a, co_window_of_opportunity_a, co_window_paths_a,
          co_window_paths_a, co_window_paths_a, co_window_paths_a,
          co_window_broadway_b, co_window_paths_c, co_window_broadway_a,
          co_window_2corner, glass_columns_a, glass_columns_b, glass_columns_c,
          grunt_ministairs_6, minivault_27
D:15:     gammafunk_enter_depths_forms, serial_shops,
          nicolae_shop_overgrown_old_shop, fedhas_altar_2, uniq_louise
Temple:   jpeg_temple_island
Lair:2:   minmay_guarded_unrand_snakebite, shoals_dummy_entry,
          kennysheep_abandoned_house, grunt_megastairs_5
Lair:3:   nicolae_spider_entry_tight_spaces, grunt_megastairs_2
Lair:4:   lemuel_fruit_fields, minmay_lair_oklob_chamber, uniq_kirke, uniq_snorg
Lair:5:   kilobyte_rumbling_trees
Lair:6:   evilmike_catoblepas_cave, minmay_slime_entry_eyes,
          grunt_forest_large_clearing_hut
Shoals:1: serial_shops, shop, nicolae_shoals_water_shrine
Shoals:2: cheibrodos_shoals_roost, argonaut_gorgonesque, uniq_donald
Shoals:4: shoals_end_hangedman, shoals_ilsuiw_ice, serial_shops, shop, shop,
          nicolae_shop_crystal, ldierk_geyser, yaktaur_hedge, uniq_nikola,
          uniq_mara, uniq_polyphemus, uniq_aizul
Spider:2: hangedman_stitches_earthworm
Spider:3: portal_ice_cave_entry_pillars_1, nicolae_arachne_temple
Spider:4: guppyfry_spider_rune, hangedman_spider_tarantella_strand,
          nicolae_spider_cling_ruins, uniq_arachne
Slime:4:  basic_altar, nicolae_slime_barrier
Orc:1:    lightli_volcano_entry_magma_tube, uniq_maurice
Orc:2:    grunt_orc_gardens, grunt_orc_garden, grunt_orc_garden,
          grunt_orc_garden, grunt_orc_garden, serial_shops,
          nicolae_shop_crystal, basic_altar, uniq_saint_roka
Elf:1:    basic_altar, hangedman_elven_crosses_minicolossus
Elf:2:    minmay_misc_feat_pillars, uniq_azrael
Elf:3:    minmay_elf_hall_hex
Vaults:1: vaults_dpeg_cross, nicolae_vaults_ninety_degrees,
          nicolae_vaults_network_square, nicolae_vaults_network_periphery,
          v_rooms_4, nicolae_vaults_big_angled_halls, vaults_room_grid,
          v_misc_9, v_misc_18, vaults_mumra_chevron_long,
          vaults_dpeg_encased_lava, serial_hangedman_research,
          hangedman_research_electronics, hangedman_research_geology
Vaults:2: v_misc_26, v_pattern_1, v_misc_29, vaults_mumra_chevron,
          vaults_dpeg_ring, minmay_crypt_entry_necro_gods, uniq_mennas
Vaults:3: hangedman_vaults_nails, nicolae_vaults_little_squares_6,
          ontoclasm_vaults_ligature, nicolae_vaults_angled_halls,
          nicolae_vaults_statue_guard, nicolae_vaults_triangles,
          nicolae_vaults_asterisk, hangedman_vaults_cutoff,
          ontoclasm_vaults_loading_screen, nicolae_vaults_network_quincunx,
          hangedman_vaults_capsules, nicolae_vaults_specimen_jars,
          ontoclasm_vaults_fault
Vaults:4: vaults_room_grid, grunt_vaults_swirl, nicolae_vaults_network_star,
          nicolae_vaults_circle_grid_a, nicolae_vaults_three_branches,
          nicolae_vaults_sealed_display, v_alt_pattern_6, vaults_room_door_ring,
          vaults_mumra_hexcomb, vaults_mumra_lcd, v_alt_pattern_3,
          nicolae_vaults_circle_grid_b, nicolae_vaults_asterisk,
          ontoclasm_vaults_twist
Vaults:5: serial_shops
Depths:1: serial_aquarium, aquarium_bridge_square, aquarium_bridge_square,
          aquarium_window_corner, aquarium_window_1, aquarium_window_fake,
          aquarium_window_corridor_2, aquarium_view_2e, aquarium_balcony_1a,
          grunt_hell_horde, kennysheep_generic_room_5, uniq_jorgrun
IceCv:    ice_cave_caverns_01
Volcano:  volcano_grotto

Skill      XL: |  1  2  3  4  5  6  7  8  9 10 11 12 13 14 15 16 17 18 19 20 21 22 |
---------------+-------------------------------------------------------------------+-----
Polearms       | 2 3 4 6 8 |  8.4
Fighting       | 4 5 6 7 9 12 14 15 17 | 17.5
Invocations    | 7 9 |  9.4
Bows           | 9 15 17 18 20 22 24 | 24.0
Dodging        | 3 4 5 6 9 12 | 12.9
Translocations | 4 5 6 10 | 10.3
Spellcasting   | 2 3 6 |  6.1
Armour         | 5 6 10 13 | 13.2
Charms         | 4 |  4.0
Necromancy     | 4 |  4.0
Evocations     | 6 |  6.1
Stealth        | 4 5 |  5.6
Hexes          | 5 |  5.0
Maces & Flails | 5 11 | 11.9
Shields        | |  2.1

Action                   |  1- 3 |  4- 6 |  7- 9 | 10-12 | 13-15 | 16-18 | 19-21 | 22-24 || total
-------------------------+-------+-------+-------+-------+-------+-------+-------+-------++-------
Melee: Trident           |    81 |    15 |   133 |   269 |     4 |       |       |       ||   502
       Kick              |     9 |    30 |    63 |    53 |     2 |     3 |       |       ||   160
       Spear             |       |   172 |   195 |       |       |       |       |       ||   367
       Punch             |       |       |       |     3 |       |       |       |       ||     3
       Longbow           |       |       |       |       |       |     3 |       |       ||     3
       Sacred scourge    |       |       |       |       |       |       |     2 |     3 ||     5
 Fire: Shortbow          |       |       |       |   203 |       |       |       |       ||   203
       Longbow           |       |       |       |   313 |   703 |  1188 |  1298 |   268 ||  3770
Throw: Stone             |     3 |       |     1 |       |       |       |       |       ||     4
 Cast: Apportation       |       |       |       |    16 |   112 |    84 |    35 |    67 ||   314
       Animate Skeleton  |       |       |       |     1 |     1 |     1 |       |       ||     3
       Blink             |       |       |       |       |     4 |     3 |       |     5 ||    12
       Regeneration      |       |       |       |       |       |    11 |    18 |     9 ||    38
       Portal Projectile |       |       |       |       |       |       |    71 |     1 ||    72
Invok: Heroism           |       |       |     5 |    28 |    24 |     7 |     4 |     2 ||    70
       Finesse           |       |       |       |     7 |    16 |    21 |    24 |     3 ||    71
Evoke: Wand              |       |       |     2 |       |       |       |       |       ||     2
  Use: Potion            |     1 |     1 |     2 |       |     3 |     4 |     3 |     5 ||    19
       Scroll            |       |     1 |     6 |    19 |     8 |    14 |    19 |     9 ||    76
 Stab: Sleeping          |       |       |       |     1 |       |       |       |       ||     1
  Eat: Chunk             |       |     4 |     5 |    10 |    11 |       |     4 |       ||    34
       Meat ration       |       |     1 |       |       |     2 |     2 |     4 |     1 ||    10
       Fruit             |       |       |     3 |       |       |     3 |       |       ||     6
       Bread ration      |       |       |     1 |       |       |       |     1 |       ||     2
       Royal jelly       |       |       |       |       |       |     3 |       |     3 ||     6
Armor: Scale mail        |     9 |    41 |    66 |       |       |       |    16 |    69 ||   201
       Leather armour    |       |       |     7 |    74 |       |       |       |       ||    81
       Troll leather arm |       |       |       |    18 |    53 |   177 |    17 |       ||   265
       Quicksilver drago |       |       |       |       |       |       |    50 |       ||    50
       Ring mail         |       |       |       |       |       |       |    42 |    39 ||    81
Dodge: Dodged            |    12 |    21 |    31 |   129 |    42 |   133 |   148 |    94 ||   610
       Deflected         |       |       |       |       |       |       |       |     3 ||     3
Block: Shield            |    19 |    37 |    71 |     6 |       |       |       |       ||   133
       Other             |       |       |       |       |    21 |    23 |       |       ||    44
       Reflection        |       |       |       |       |     5 |       |       |       ||     5

Table legend:
 A = Spawn XP
 B = Non-spawn XP
 C = Spawn XP percentage of total XP
 D = Spawn monster count
 E = Non-spawn monster count
 F = Spawn count percentage of total count
 G = Total turns spent on level
                    A         B        C        D         E        F      G
               +---------+---------+-------+---------+---------+-------+---------
         Total |       0 |   52336 |   0.0 |       0 |      82 |   0.0 |  2733
               +---------+---------+-------+---------+---------+-------+---------
       Slime:1 |       0 |    6465 |   0.0 |       0 |      20 |   0.0 |    82
       Slime:2 |       0 |    5421 |   0.0 |       0 |      17 |   0.0 |   105
       Slime:3 |       0 |    2489 |   0.0 |       0 |       9 |   0.0 |    35
       Slime:4 |       0 |    5915 |   0.0 |       0 |       6 |   0.0 |    88
       Slime:5 |       0 |   32046 |   0.0 |       0 |      30 |   0.0 |   313
               +---------+---------+-------+---------+---------+-------+---------

Table legend:
 A = Turns spent in this place as a percentage of turns spent in the entire game.
 B = Non-inter-level travel turns spent in this place as a percentage of non-inter-level travel turns spent in the entire game.
 C = Inter-level travel turns spent in this place as a percentage of turns spent in this place.
 D = Turns resting spent in this place as a percentage of non-inter-level travel turns spent in this place.
 E = Turns spent auto-exploring this place as a percentage of non-inter-level travel turns spent in this place.
 F = Non-inter-level travel turns spent in this place divided by the number of levels of this place that you've seen.
                   A       B       C       D       E      F
               +-------+-------+-------+-------+-------+----------------------
         Total | 100.0 | 100.0 |   4.3 |   0.5 |   1.0 | 532.0
       Dungeon |  34.9 |  33.8 |   7.3 |   0.2 |   0.0 | 575.3
        Temple |   0.3 |   0.2 |  42.9 |   0.0 |   0.0 |  40.0
          Lair |  16.3 |  15.9 |   6.5 |   0.3 |   0.0 | 676.5
        Shoals |   6.5 |   6.8 |   0.2 |   0.0 |   0.0 | 432.8
   Spider Nest |   9.0 |   9.3 |   0.2 |   0.1 |   0.0 | 596.5
    Slime Pits |   2.3 |   2.4 |   0.8 |   0.0 |   0.0 | 123.6
  Orcish Mines |   4.8 |   4.5 |   9.8 |   0.0 |  21.5 | 578.5
   Elven Halls |   7.9 |   8.2 |   0.5 |   0.1 |   0.0 | 700.0
        Vaults |  15.4 |  16.0 |   0.5 |   2.6 |   0.0 | 816.8
        Depths |   0.4 |   0.4 |   0.0 |   0.0 |   0.0 | 112.0
      Ice Cave |   1.7 |   1.8 |   0.0 |   0.0 |   0.0 | 456.0
       Volcano |   0.6 |   0.6 |   0.0 |   0.0 |   0.0 | 164.0
               +-------+-------+-------+-------+-------+----------------------

Table legend:
 A = Kills in this place as a percentage of kills in entire the game.
 B = Kills by you in this place as a percentage of kills by you in the entire game.
 C = Kills by friends in this place as a percentage of kills by friends in the entire game.
 D = Other kills in this place as a percentage of other kills in the entire game.
 E = Experience gained in this place as a percentage of experience gained in the entire game.
 F = Experience gained in this place divided by the number of levels of this place that you have seen.
                   A       B       C       D       E      F
               +-------+-------+-------+-------+-------+----------------------
         Total | 100.0 | 100.0 |   N/A | 100.0 | 100.0 | 16077.6
       Dungeon |  22.6 |  22.6 |   N/A |   0.0 |   6.2 | 3169.7
          Lair |   9.7 |   9.7 |   N/A |   0.0 |   6.1 | 7867.2
        Shoals |   6.6 |   6.6 |   N/A |   0.0 |   8.4 | 16179.2
   Spider Nest |  12.9 |  12.9 |   N/A |   0.0 |  11.1 | 21391.8
    Slime Pits |   5.4 |   5.4 |   N/A |   0.0 |   6.8 | 10467.2
  Orcish Mines |   5.9 |   5.8 |   N/A | 100.0 |   2.8 | 10698.5
   Elven Halls |   8.9 |   8.9 |   N/A |   0.0 |  15.1 | 38715.7
        Vaults |  22.1 |  22.1 |   N/A |   0.0 |  39.8 | 61400.2
        Depths |   1.1 |   1.1 |   N/A |   0.0 |   1.9 | 14853.0
      Ice Cave |   3.9 |   3.9 |   N/A |   0.0 |   1.4 | 10696.0
       Volcano |   0.9 |   0.9 |   N/A |   0.0 |   0.6 | 4264.0
               +-------+-------+-------+-------+-------+----------------------

Vault maps used:
D:1:      dpeg_arrival_signposts
D:2:      dancing_weapons_uskayaw
D:3:      minmay_overflow_temple_star_hex, chequers_ecumenical_altar_simple,
          uniq_ijyb
D:4:      okawaru_ov_weapons_minmay
D:5:      kennysheep_little_box, first_bread, vehumet_altar_wand_db
D:6:      kennysheep_ying_yang, cheibriados_altar_1, lemuel_crystal_altar,
          kennysheep_potato
D:7:      minmay_temple_entry_statues_pillars, serial_shops, shop, uniq_joseph
D:8:      nicolae_gozag_zags_fifth_avenue
D:10:     lair_entry_dummy, basic_altar, enter_trove_1
D:12:     orc_0_dummy, david_nohive_1, uniq_frances, uniq_sonja
D:13:     minmay_guarded_unrand_finisher
D:14:     david_vaults_4, serial_co_window_serial, co_window_paths_b,
          co_window_paths_a, co_window_of_opportunity_a, co_window_paths_a,
          co_window_paths_a, co_window_paths_a, co_window_paths_a,
          co_window_broadway_b, co_window_paths_c, co_window_broadway_a,
          co_window_2corner, glass_columns_a, glass_columns_b, glass_columns_c,
          grunt_ministairs_6, minivault_27
D:15:     gammafunk_enter_depths_forms, serial_shops,
          nicolae_shop_overgrown_old_shop, fedhas_altar_2, uniq_louise
Temple:   jpeg_temple_island
Lair:2:   minmay_guarded_unrand_snakebite, shoals_dummy_entry,
          kennysheep_abandoned_house, grunt_megastairs_5
Lair:3:   nicolae_spider_entry_tight_spaces, grunt_megastairs_2
Lair:4:   lemuel_fruit_fields, minmay_lair_oklob_chamber, uniq_kirke, uniq_snorg
Lair:5:   kilobyte_rumbling_trees
Lair:6:   evilmike_catoblepas_cave, minmay_slime_entry_eyes,
          grunt_forest_large_clearing_hut
Shoals:1: serial_shops, shop, nicolae_shoals_water_shrine
Shoals:2: cheibrodos_shoals_roost, argonaut_gorgonesque, uniq_donald
Shoals:4: shoals_end_hangedman, shoals_ilsuiw_ice, serial_shops, shop, shop,
          nicolae_shop_crystal, ldierk_geyser, yaktaur_hedge, uniq_nikola,
          uniq_mara, uniq_polyphemus, uniq_aizul
Spider:2: hangedman_stitches_earthworm
Spider:3: portal_ice_cave_entry_pillars_1, nicolae_arachne_temple
Spider:4: guppyfry_spider_rune, hangedman_spider_tarantella_strand,
          nicolae_spider_cling_ruins, uniq_arachne
Slime:4:  basic_altar, nicolae_slime_barrier
Orc:1:    lightli_volcano_entry_magma_tube, uniq_maurice
Orc:2:    grunt_orc_gardens, grunt_orc_garden, grunt_orc_garden,
          grunt_orc_garden, grunt_orc_garden, serial_shops,
          nicolae_shop_crystal, basic_altar, uniq_saint_roka
Elf:1:    basic_altar, hangedman_elven_crosses_minicolossus
Elf:2:    minmay_misc_feat_pillars, uniq_azrael
Elf:3:    minmay_elf_hall_hex
Vaults:1: vaults_dpeg_cross, nicolae_vaults_ninety_degrees,
          nicolae_vaults_network_square, nicolae_vaults_network_periphery,
          v_rooms_4, nicolae_vaults_big_angled_halls, vaults_room_grid,
          v_misc_9, v_misc_18, vaults_mumra_chevron_long,
          vaults_dpeg_encased_lava, serial_hangedman_research,
          hangedman_research_electronics, hangedman_research_geology
Vaults:2: v_misc_26, v_pattern_1, v_misc_29, vaults_mumra_chevron,
          vaults_dpeg_ring, minmay_crypt_entry_necro_gods, uniq_mennas
Vaults:3: hangedman_vaults_nails, nicolae_vaults_little_squares_6,
          ontoclasm_vaults_ligature, nicolae_vaults_angled_halls,
          nicolae_vaults_statue_guard, nicolae_vaults_triangles,
          nicolae_vaults_asterisk, hangedman_vaults_cutoff,
          ontoclasm_vaults_loading_screen, nicolae_vaults_network_quincunx,
          hangedman_vaults_capsules, nicolae_vaults_specimen_jars,
          ontoclasm_vaults_fault
Vaults:4: vaults_room_grid, grunt_vaults_swirl, nicolae_vaults_network_star,
          nicolae_vaults_circle_grid_a, nicolae_vaults_three_branches,
          nicolae_vaults_sealed_display, v_alt_pattern_6, vaults_room_door_ring,
          vaults_mumra_hexcomb, vaults_mumra_lcd, v_alt_pattern_3,
          nicolae_vaults_circle_grid_b, nicolae_vaults_asterisk,
          ontoclasm_vaults_twist
Vaults:5: serial_shops
Depths:1: serial_aquarium, aquarium_bridge_square, aquarium_bridge_square,
          aquarium_window_corner, aquarium_window_1, aquarium_window_fake,
          aquarium_window_corridor_2, aquarium_view_2e, aquarium_balcony_1a,
          grunt_hell_horde, kennysheep_generic_room_5, uniq_jorgrun
IceCv:    ice_cave_caverns_01
Volcano:  volcano_grotto
